 Dungeon Crawl Stone Soup version 0.31-a0-836-g3ceb0a68c4 (webtiles) character file.

Game seed: 17798211073290961120

91558 redmage the Merchant of Misery (level 16, -17/103 HPs)
             Began as an Octopode Earth Elementalist on Sept 25, 2023.
             Was a Believer of Kikubaaqudgha.
             Demolished by a quicksilver ooze (18 damage)
             ... created by the Royal Jelly
             ... on level 5 of the Pits of Slime on Sept 27, 2023.
             The game lasted 03:14:25 (23594 turns).

redmage the Merchant of Misery (OpEE)              Turns: 23594, Time: 03:14:26

Health: -17/103    AC:  8    Str: 13    XL:     16   Next: 3%
Magic:  0/30       EV: 21    Int: 30    God:    Kikubaaqudgha [**....]
Gold:   1583       SH:  5    Dex: 20    Spells: 8/42 levels left

rFire   + . .        D - staff of conjuration
rCold   . . .        (no shield)
rNeg    + . .        V - +3 hat of the Moon Troll {rElec rCorr Dex+6}
rPois   .            k - amulet of reflection
rElec   +            n - +5 ring of evasion
rCorr   +            q - +6 ring of strength
SInv    +            v - ring of see invisible
Will    ++...        N - ring of the Shishi {rF+ rN+ AC+4}
Stlth   +++++        (no ring)
HPRegen 0.37/turn    S - +6 ring of intelligence
MPRegen 0.22/turn    m - ring of wizardry
                     (no ring)

%: reflection, wizardry (x1)
@: brilliant, about to teleport, death channelling, enlightened, flying
A: almost no armour, amphibious, 8 rings, camouflage 1, gelatinous body 1,
(nimble swimmer 1), tentacles, low MP 1
a: Renounce Religion, Unearth Wretches


You were on level 5 of the Pits of Slime.
You worshipped Kikubaaqudgha.
Kikubaaqudgha was pleased with you.
You visited 4 branches of the dungeon, and saw 22 of its levels.
You also visited: Bailey.

You collected 2550 gold pieces.
You spent 967 gold pieces at shops.

Inventory:

Hand Weapons
 b - a +1 rapier of flaming
 G - a +3 scimitar of flaming
Missiles
 g - 2 curare-tipped darts
 l - 26 poisoned darts (quivered)
Armour
 y - an orb of guile
 V - the +3 hat of the Moon Troll (worn) {rElec rCorr Dex+6}
   (You acquired it on level 3 of the Lair of Beasts)

   Dex+6:     It affects your dexterity (+6).
   rElec:     It insulates you from electricity.
   rCorr:     It protects you from acid and corrosion.
Magical Staves
 i - a staff of air
 D - a staff of conjuration (weapon)
Jewellery
 e - a ring of fire
 k - an amulet of reflection (around mantle)
 m - a ring of wizardry (on tentacle)
 n - a +5 ring of evasion (left tentacle)
 q - a +6 ring of strength (right tentacle)
 v - a ring of see invisible (on tentacle)
 N - the ring of the Shishi (on tentacle) {rF+ rN+ AC+4}
   (You acquired it in a bailey)

   [ring of protection]

   AC+4:      It affects your AC (+4).
   rF+:       It protects you from fire.
   rN+:       It protects you from negative energy.
 S - a +6 ring of intelligence (on tentacle)
Wands
 p - a wand of polymorph (8)
 z - a wand of acid (3)
 Q - a wand of flame (15)
Scrolls
 f - a scroll of silence
 j - 3 scrolls of enchant armour
 A - 5 scrolls of identify
 E - 2 scrolls of amnesia
 F - a scroll of torment
 H - 4 scrolls of enchant weapon
 I - 4 scrolls of brand weapon
 L - a scroll of fog
 T - a scroll of poison
 U - 2 scrolls of vulnerability
Potions
 c - 2 potions of enlightenment
 d - 4 potions of mutation
 h - 2 potions of attraction
 r - 3 potions of cancellation
 u - a potion of might
 w - a potion of haste
 B - a potion of resistance
 K - a potion of berserk rage
 R - 2 potions of lignification
Miscellaneous
 C - a phantom mirror (inert)


   Skills:
 + Level 7.0 Fighting
 + Level 5.1 Dodging
 - Level 8.0 Stealth
 + Level 13.6 Spellcasting
 - Level 4.0 Conjurations
 - Level 10.0 Summonings
 + Level 15.4 Necromancy
 - Level 1.0 Transmutations
 - Level 10.0 Ice Magic
 - Level 8.0 Earth Magic


You had 8 spell levels left.
You knew the following spells:

 Your Spells              Type           Power      Damage    Failure   Level
a - Sandblast             Erth           100%       2d20      1%          1
b - Passwall              Tmut/Erth      52%        N/A       1%          2
c - Stone Arrow           Conj/Erth      100%       3d13      1%          3
d - Borgnjor's Vile Clut  Necr/Erth      47%        N/A       1%          5
e - Summon Ice Beast      Ice/Summ       88%        N/A       1%          4
f - Death Channel         Necr           53%        N/A       1%          6
g - Simulacrum            Ice/Necr       49%        N/A       1%          6
h - Haunt                 Necr/Summ      49%        N/A       4%          7

Your spell library contained the following spells:

 Spells                   Type           Power      Damage    Failure   Level
 Necrotise                Necr           100%       1d9       0%          1
 Sublimation of Blood     Necr           100%       N/A       0%          2
 Kiss of Death            Conj/Necr      100%       2d13      1%          1
 Cigotuvi's Dreadful Rot  Necr/Pois/Air  100%       N/A       1%          2
 Lesser Beckoning         Tloc           60%        N/A       1%          2
 Dazzling Flash           Conj/Hex       100%       N/A       1%          3
 Hailstorm                Conj/Ice       96%        3d19      1%          3
 Anguish                  Hex/Necr       39%        N/A       1%          4
 Brom's Barrelling Bould  Conj/Erth      91%        2d10      1%          4
 Leda's Liquefaction      Hex/Erth       30%        N/A       1%          4
 Petrify                  Tmut/Erth      63%        N/A       1%          4
 Agony                    Necr           100%       N/A       1%          5
 Lee's Rapid Deconstruct  Erth           40%        3d20*     1%          5
 Gell's Gravitas          Tloc           30%        N/A       3%          3
 Teleport Other           Tloc           30%        N/A       3%          3
 Tukima's Dance           Hex            30%        N/A       3%          3
 Manifold Assault         Tloc           30%        N/A       10%         4
 Passage of Golubria      Tloc           30%        N/A       10%         4
 Borgnjor's Revivificati  Necr           53%        N/A       12%         8
 Infestation              Necr           53%        N/A       12%         8
 Bombard                  Conj/Erth      45%        9d8       13%         6
 Yara's Violent Unravell  Hex/Tmut       17%        3d8       22%         5
 Silence                  Hex/Air        15%        N/A       26%         5
 Dispersal                Tloc           15%        N/A       80%         6
 Disjunction              Tloc           15%        N/A       100%        8
 Death's Door             Necr           53%        N/A       85%         9


Dungeon Overview and Level Annotations

Branches:
Dungeon (10/15)            Temple (0/1) D:4            Lair (5/5) D:9
 Shoals (0/4) Lair:3        Snake (0/4) Lair:2        Slime (5/5) Lair:4
    Orc (2/2) D:10            Elf (0/3) Orc:2        Bailey (visited)

Altars:
Cheibriados
Dithmenos
Elyvilon
Hepliaklqana
Kikubaaqudgha
Makhleb
Okawaru
Qazlal
Ru
Xom
Zin
Jiyva

Shops:
D:3 (   Orc:2 ([*:

Annotations:
D:5 Blork the orc
D:6 2 runed translucent doors, Crazy Yiuf
Slime:5 Royal Jelly


Innate Abilities, Weirdness & Mutations

You cannot wear most types of armour.
You are amphibious.
You can wear up to eight rings at the same time.
Your skin changes colour to match your surroundings (Stealth+).
Your rubbery body absorbs attacks. (AC +1, EV +1)
((You are camouflaged when in or above water. (Stealth+)))
You have tentacles for arms and can constrict up to eight enemies at once.
Your magical capacity is low. (-10% MP)


Message History

Your acid blob simulacrum hits the acid blob!!
The acid blob dies!
The quicksilver ooze hits your spectral slime creature!!
Your spectral slime creature is destroyed!
Your spectral acid blob hits the Royal Jelly!
Your spectral acid blob seems to be corroded for longer.
Your spectral acid blob is burned by acid!
Your spectral acid blob is destroyed!
The acid blob quivers.
The Royal Jelly shudders.
The Royal Jelly spits out another jelly.
Unknown command.
Unknown command.
Unknown command.
Your surroundings suddenly seem different.
Acid dripping from the walls corrodes you.
An azure jelly comes into view.
The quicksilver ooze completely misses you.
The quicksilver ooze hits you but does no damage.
The quicksilver ooze barely misses you.
The quicksilver ooze completely misses you.
Unknown command.
The quicksilver ooze completely misses you.
The quicksilver ooze hits you!
* * * LOW HITPOINT WARNING * * *
You feel your power leaking away.
The azure jelly quivers.
Unknown command.
The quicksilver ooze hits you. The quicksilver ooze engulfs you!
The quicksilver ooze barely misses you.
You slip free of the ooze engulfing you.
The azure jelly jiggles.
As you read the scroll of teleportation, it crumbles to dust.
You feel strangely unstable.
The rockslime quivers.
The quicksilver ooze misses you. The quicksilver ooze hits you!
* * * LOW HITPOINT WARNING * * *
The quicksilver ooze hits you!!
You die...
Kikubaaqudgha rasps: "You have failed me!
Welcome... death!"

............#?)):(#.......#
...........##$/"=[##.....##
...........#$[[)/![#....##
#....W....##?(!)))[###.##
#####ยง################## .
#W..# #..#...#..## .
##W#J####..........#
.##W...W#............#
..#.#.#W#.......@J..##
.......WW............#
...#####............##
...## ##.......J.....#
....###............###
.....#..............#
....###........J....#
.....#.............##
.........JJ.........#


You could see an azure jelly, a rockslime and a quicksilver ooze.

Vanquished Creatures
  3 acid blobs (Slime:5)
  2 azure jellies (Slime:5)
  An orc warlord (Bailey)
  A formless jellyfish (Slime:2)
  2 quicksilver oozes (Slime:5)
  Snorg (Orc:2)
  A hydra (Lair:3)
  Erica (D:9)
  2 two-headed ogres
  2 orc high priests (Orc:2)
  3 death yaks (Lair:1)
  Pikel (D:6)
  3 orc knights
  2 orc sorcerers (Orc:2)
  A cyclops (Orc:1)
  2 elephants (Lair:4)
  A merfolk siren (Lair:3)
  2 black mambas (Lair:1)
  2 cane toads
  4 komodo dragons
  A rime drake (Lair:4)
  A merfolk (Lair:3)
  2 hornets
  Grinder (D:6)
  A polar bear (Lair:5)
  2 blink frogs (Lair:1)
  5 spriggans (Lair:5)
  A wyvern (D:10)
  10 yaks
  2 wraiths
  A human (D:10)
  Edmund (D:5)
  A warg (Orc:2)
  7 water moccasins
  2 sky beasts
  19 orc warriors
  An ice beast (D:6)
  2 boggarts (Lair:5)
  4 ogres
  5 centaurs
  6 wolves
  A lemure (D:6)
  2 phantoms
  A kobold brigand (D:8)
  12 bullfrogs
  2 gnoll sergeants (D:9)
  4 scorpions
  13 wights
  A killer bee (D:9)
  5 howler monkeys
  A jelly (D:4)
  9 orc priests
  2 sleepcaps
  3 hounds
  Jessica (D:2)
  A gnoll bouda (D:7)
  2 iguanas
  20 orc wizards
  5 adders
  7 gnolls
  2 ufetubi (D:5)
  4 worms
  2 dart slugs
  54 orcs
  7 endoplasms
  4 giant cockroaches
  15 goblins
  12 hobgoblins
  2 jackals (D:4)
  19 kobolds
  4 quokkas
  11 ball pythons
  6 bats
  A frilled lizard (D:2)
  5 rats
352 creatures vanquished.

Vanquished Creatures (collateral kills)
  21 acid blobs
  Gastronok (D:10)
  5 azure jellies
  6 rockslimes
  12 quicksilver oozes
  2 great orbs of eyes (Slime:5)
  3 catoblepae (Lair:5)
  A death yak (Lair:5)
  An orc high priest (Orc:2)
  2 skysharks (Lair:5)
  An orc knight (Orc:2)
  3 shining eyes (Slime:5)
  2 oklob plants (Lair:4)
  6 elephants
  A merfolk siren (Lair:3)
  4 black mambas
  4 cane toads
  A torpor snail (Lair:5)
  An eye of devastation (Slime:5)
  5 komodo dragons
  A rime drake (Lair:5)
  A troll (Orc:1)
  5 polar bears
  A merfolk (Lair:3)
  2 hornets (Lair:5)
  10 blink frogs
  8 dream sheep (Lair:5)
  50 slime creatures
  4 spriggans (Lair:5)
  3 wyverns
  21 yaks
  3 basilisks
  9 golden eyes (Slime:1)
  A naga (Lair:2)
  13 water moccasins
  10 orc warriors
  3 black bears
  An ogre (Orc:1)
  A boggart (Lair:5)
  19 wolves
  2 killer bees (D:9)
  11 orc priests
  8 orc wizards
  2 gnolls (Bailey)
  17 orcs
  A goblin (Bailey)
  A hobgoblin (Bailey)
  3 kobolds (Bailey)
293 creatures vanquished.

Vanquished Creatures (others)
  12 acid blobs
  3 rockslimes
  5 azure jellies
  A formless jellyfish (Slime:5)
  A quicksilver ooze (Slime:2)
  A boulder beetle (Lair:5)
  2 orc sorcerers (Orc:2)
  An orc knight (Orc:2)
  A cyclops (Orc:2)
  A black mamba (Lair:5)
  A komodo dragon (Lair:4)
  2 trolls (Orc:2)
  A blink frog (Lair:4)
  A dream sheep (Lair:4)
  2 yaks (Lair:5)
  24 slime creatures
  A wyvern (Lair:5)
  A basilisk (Lair:4)
  3 orc warriors (Orc:2)
  2 ogres (Orc:2)
  A wolf (Lair:1)
  A killer bee (D:9)
  2 orc priests (Orc:2)
  2 gnolls
72 creatures vanquished.

Grand Total: 717 creatures vanquished

Notes
Turn   | Place    | Note
-------+----------+-------------------------------------------
     0 | D:1      | redmage the Octopode Earth Elementalist began the quest for
                  | the Orb.
     0 | D:1      | Reached XP level 1. HP: 11/11 MP: 3/3
   162 | D:1      | Reached XP level 2. HP: 5/17 MP: 0/5
   603 | D:1      | Reached XP level 3. HP: 21/21 MP: 3/6
   606 | D:1      | Learned a level 2 spell: Passwall
   610 | D:1      | Learned a level 3 spell: Stone Arrow
   771 | D:2      | Found a shadowy altar of Dithmenos.
  1280 | D:2      | Noticed Jessica
  1286 | D:2      | Killed Jessica
  1287 | D:2      | Reached XP level 4. HP: 27/27 MP: 2/8
  1646 | D:3      | Reached XP level 5. HP: 24/31 MP: 1/10
  1788 | D:3      | Found a snail-covered altar of Cheibriados.
  1847 | D:3      | Found Icoolu Muzxa's Antique Weapon Shop.
  2020 | D:3      | Found an ancient bone altar of Kikubaaqudgha.
  2028 | D:3      | Became a worshipper of Kikubaaqudgha
  2413 | D:4      | Noticed an ogre
  2765 | D:4      | Reached skill level 1 in Conjurations
  2851 | D:5      | Entered Level 5 of the Dungeon
  2851 | D:5      | Noticed a phantom
  2902 | D:5      | Noticed an ogre
  2915 | D:5      | Killed an ogre
  2916 | D:5      | Reached skill level 5 in Earth Magic
  2916 | D:5      | Reached XP level 6. HP: 36/36 MP: 7/12
  2938 | D:5      | Noticed Edmund
  2956 | D:5      | Killed Edmund
  2957 | D:5      | HP: 1/36 [ufetubus (2)]
  3178 | D:5      | Noticed Blork the orc
  3179 | D:5      | Noticed a water moccasin
  3195 | D:6      | Killed a water moccasin
  3196 | D:6      | Reached XP level 7. HP: 37/41 MP: 6/14
  3246 | D:6      | Reached skill level 5 in Spellcasting
  3353 | D:6      | Found a runed translucent door.
  3529 | D:4      | Found a glowing silver altar of Zin.
  3546 | D:4      | Reached XP level 8. HP: 46/46 MP: 6/15
  3612 | D:4      | Found a shadowy altar of Dithmenos.
  3612 | D:4      | Found a stormy altar of Qazlal.
  3634 | D:4      | Found a staircase to the Ecumenical Temple.
  3728 | D:4      | Reached * piety under Kikubaaqudgha
  3728 | D:4      | Received a gift from Kikubaaqudgha
  3730 | D:4      | Identified the +0 leather armour of the Demon Prince {SInv}
  3742 | D:4      | Learned a level 4 spell: Summon Ice Beast
  4670 | D:4      | Reached skill level 1 in Ice Magic
  4681 | D:4      | Reached skill level 1 in Summonings
  5278 | D:5      | Reached ** piety under Kikubaaqudgha
  5354 | D:5      | Found a burning altar of Makhleb.
  5696 | D:6      | Noticed Pikel
  5749 | D:6      | Reached XP level 9. HP: 51/51 MP: 13/18
  5920 | D:6      | Noticed Grinder
  5923 | D:6      | Killed Grinder
  6017 | D:6      | Killed Pikel
  6306 | D:6      | Found a shimmering altar of Xom.
  6307 | D:6      | Found a hazy altar of Hepliaklqana.
  6307 | D:6      | Noticed a tentacled monstrosity
  6308 | D:6      | Noticed a spectral ugly thing
  6308 | D:6      | Noticed a tentacled monstrosity
  6497 | D:6      | Found a runed translucent door.
  6498 | D:6      | Noticed Crazy Yiuf
  6777 | D:7      | Noticed a hornet
  7003 | D:7      | Reached skill level 5 in Ice Magic
  7053 | D:7      | Reached skill level 5 in Summonings
  7080 | D:7      | Reached XP level 10. HP: 56/56 MP: 10/21
  7244 | D:7      | Paralysed by a hornet for 2 turns
  7912 | D:8      | Noticed Maggie
  7917 | D:8      | Maggie changed into Maggie the hobgoblin
  7917 | D:8      | Noticed Maggie
  7920 | D:8      | Killed Maggie the hobgoblin
  8019 | D:8      | Noticed Maurice
  8021 | D:8      | Maurice changed into Maurice the bullfrog
  8021 | D:8      | Noticed Maurice
  8023 | D:8      | Killed Maurice the bullfrog
  8293 | D:8      | Reached *** piety under Kikubaaqudgha
  8293 | D:8      | Received a gift from Kikubaaqudgha
  8311 | D:8      | Learned a level 5 spell: Borgnjor's Vile Clutch
  8318 | D:8      | Learned a level 6 spell: Death Channel
  8532 | D:9      | Reached skill level 1 in Necromancy
  8582 | D:9      | Found a staircase to the Lair.
  8751 | D:9      | Reached skill level 2 in Necromancy
  8828 | D:9      | Noticed a two-headed ogre
  8832 | D:9      | Killed a two-headed ogre
  8833 | D:9      | Reached skill level 3 in Necromancy
  8883 | D:9      | Found a white marble altar of Elyvilon.
  8883 | D:9      | Found a sacrificial altar of Ru.
  9139 | D:9      | Noticed Erica
  9145 | D:9      | Killed Erica
  9146 | D:9      | Reached skill level 4 in Necromancy
  9283 | D:9      | Reached skill level 5 in Necromancy
  9285 | D:9      | Reached XP level 11. HP: 61/61 MP: 15/24
  9570 | D:9      | Reached skill level 6 in Necromancy
  9896 | D:10     | Entered Level 10 of the Dungeon
  9907 | D:10     | Found a flagged portal.
  9932 | Bailey   | Entered a bailey
  9937 | Bailey   | Noticed an orc warlord
 10022 | Bailey   | Reached **** piety under Kikubaaqudgha
 10033 | Bailey   | Learned a level 6 spell: Simulacrum
 10199 | Bailey   | Found a runed translucent gate.
 10199 | Bailey   | Found a runed translucent gate.
 10199 | Bailey   | Found a runed translucent gate.
 10383 | Bailey   | Killed an orc warlord
 10384 | Bailey   | Reached skill level 7 in Necromancy
 10587 | Bailey   | Acquired the ring of the Shishi {rF+ rN+ AC+4}
 10704 | D:10     | Noticed Gastronok
 10718 | D:10     | Killed Gastronok
 10719 | D:10     | Reached skill level 8 in Necromancy
 10808 | D:10     | Found an iron altar of Okawaru.
 10949 | D:10     | Reached skill level 9 in Necromancy
 11510 | D:10     | Found a staircase to the Orcish Mines.
 11826 | Orc:1    | Entered Level 1 of the Orcish Mines
 11836 | Orc:1    | Reached ***** piety under Kikubaaqudgha
 12220 | Orc:2    | Entered Level 2 of the Orcish Mines
 12230 | Orc:2    | Reached skill level 10 in Necromancy
 12284 | Orc:2    | Noticed Snorg
 12304 | Orc:2    | Killed Snorg
 12448 | Orc:2    | Found a staircase to the Elven Halls.
 12531 | Orc:1    | Reached XP level 12. HP: 53/66 MP: 0/25
 12730 | Orc:1    | Noticed a two-headed ogre
 12845 | Orc:1    | Killed a two-headed ogre
 12846 | Orc:1    | Reached skill level 11 in Necromancy
 13239 | Orc:2    | Noticed an orc warlord
 13329 | Lair:1   | Entered Level 1 of the Lair of Beasts
 13330 | Lair:1   | Upgraded the game from 0.31-a0-833-gc15d34cb79 to
                  | 0.31-a0-836-g3ceb0a68c4
 13478 | Lair:1   | Noticed a death yak
 13498 | Lair:1   | Noticed a death yak
 13499 | Lair:1   | Noticed a death yak
 13517 | Lair:1   | Killed a death yak
 13517 | Lair:1   | Killed a death yak
 13517 | Lair:1   | Killed a death yak
 13550 | Lair:1   | Reached skill level 12 in Necromancy
 14752 | Lair:2   | Found a staircase to the Snake Pit.
 15540 | Lair:3   | Reached skill level 10 in Ice Magic
 15578 | Lair:3   | Reached XP level 13. HP: 71/71 MP: 6/26
 15615 | Lair:3   | Found a staircase to the Shoals.
 15653 | Lair:3   | Reached skill level 13 in Necromancy
 15813 | Lair:3   | Acquired the +3 hat of the Moon Troll {rElec rCorr Dex+6}
 16131 | Lair:3   | Reached skill level 1 in Fighting
 16244 | Lair:3   | Reached skill level 5 in Stealth
 17595 | Orc:1    | Reached skill level 14 in Necromancy
 17899 | Orc:2    | Found Harasewi's General Store.
 17900 | Orc:2    | Found Mahulatu's Book Shop.
 17901 | Orc:2    | Found Elijuowoc's Antique Armour Boutique.
 17901 | Orc:2    | Found Korek's Antique Weapon Boutique.
 17915 | Orc:2    | Bought a ring of wizardry for 450 gold pieces
 17915 | Orc:2    | Bought a scroll of blinking for 112 gold pieces
 17915 | Orc:2    | Bought a potion of might for 60 gold pieces
 17915 | Orc:2    | Bought a scroll of teleportation for 45 gold pieces
 17916 | Orc:2    | Bought Great Wizards, Vol. VII for 300 gold pieces
 18556 | Lair:4   | Acquired 423 gold pieces
 18597 | Lair:4   | Reached skill level 10 in Spellcasting
 19053 | Lair:4   | Found a viscous altar of Jiyva.
 19083 | Lair:4   | Found a staircase to the Slime Pits.
 19093 | Lair:4   | Reached skill level 5 in Fighting
 19203 | Lair:5   | Entered Level 5 of the Lair of Beasts
 19259 | Lair:5   | Reached XP level 14. HP: 75/88 MP: 4/28
 20582 | Lair:5   | Reached ****** piety under Kikubaaqudgha
 20587 | Lair:5   | Received a gift from Kikubaaqudgha (forbidden knowledge)
 20596 | Lair:5   | Learned a level 7 spell: Haunt
 20911 | Slime:1  | Entered Level 1 of the Pits of Slime
 20936 | Slime:1  | Noticed a quicksilver ooze
 20941 | Slime:1  | Killed a quicksilver ooze
 21104 | Slime:2  | Noticed an azure jelly
 21108 | Slime:2  | Noticed an azure jelly
 21109 | Slime:2  | Noticed a rockslime
 21117 | Slime:2  | Killed an azure jelly
 21118 | Slime:2  | Killed a rockslime
 21120 | Slime:2  | Killed an azure jelly
 21154 | Slime:2  | Reached XP level 15. HP: 93/95 MP: 5/31
 21280 | Slime:4  | Noticed an acid blob
 21284 | Slime:4  | Noticed an acid blob
 21291 | Slime:4  | Killed an acid blob
 21291 | Slime:4  | Killed an acid blob
 21409 | Slime:5  | Entered Level 5 of the Pits of Slime
 21411 | Slime:5  | Gained mutation: Your magical capacity is low. (-10% MP) [a
                  | shining eye]
 21414 | Slime:5  | Noticed an acid blob
 21419 | Slime:5  | Killed an acid blob
 21420 | Slime:5  | Reached skill level 10 in Summonings
 21439 | Slime:5  | Noticed an acid blob
 21439 | Slime:5  | Noticed an acid blob
 21439 | Slime:5  | Noticed an acid blob
 21444 | Slime:5  | Killed an acid blob
 21445 | Slime:5  | Killed an acid blob
 21445 | Slime:5  | Killed an acid blob
 21449 | Slime:5  | Noticed an acid blob
 21452 | Slime:5  | Noticed an acid blob
 21452 | Slime:5  | Killed an acid blob
 21455 | Slime:5  | Killed an acid blob
 21489 | Slime:5  | Noticed an acid blob
 21491 | Slime:5  | Noticed an acid blob
 21492 | Slime:5  | Noticed the Royal Jelly
 21492 | Slime:5  | Noticed an acid blob
 21494 | Slime:5  | Noticed an acid blob
 21495 | Slime:5  | Noticed an acid blob
 21496 | Slime:5  | Noticed a rockslime
 21496 | Slime:5  | Noticed an azure jelly
 21497 | Slime:5  | Killed an acid blob
 21499 | Slime:5  | Killed an azure jelly
 21499 | Slime:5  | Noticed an acid blob
 21501 | Slime:5  | Killed an acid blob
 21511 | Slime:5  | Killed an acid blob
 21650 | Slime:5  | Noticed an acid blob
 21655 | Slime:5  | Killed a rockslime
 21808 | Slime:5  | Killed an acid blob
 21809 | Slime:5  | Noticed an acid blob
 21814 | Slime:5  | Paralysed by a great orb of eyes for 3 turns
 21818 | Slime:5  | Killed an acid blob
 21948 | Slime:5  | Killed an acid blob
 21949 | Slime:5  | Noticed an acid blob
 21953 | Slime:5  | Killed an acid blob
 21954 | Slime:5  | Reached skill level 15 in Necromancy
 22116 | Slime:5  | Noticed an acid blob
 22117 | Slime:5  | Noticed an azure jelly
 22118 | Slime:5  | Noticed a rockslime
 22119 | Slime:5  | Killed an acid blob
 22120 | Slime:5  | Noticed an azure jelly
 22120 | Slime:5  | Noticed a rockslime
 22120 | Slime:5  | Noticed a rockslime
 22121 | Slime:5  | Noticed an acid blob
 22122 | Slime:5  | Noticed an azure jelly
 22130 | Slime:5  | Noticed an acid blob
 22143 | Slime:5  | Killed an acid blob
 22192 | Slime:5  | Killed an acid blob
 22196 | Slime:5  | Found a viscous altar of Jiyva.
 22202 | Slime:5  | Killed an acid blob
 22214 | Slime:5  | Found the amulet of the Air {Inacc Air Fly rElec RMsl}
 22230 | Slime:5  | Killed a rockslime
 22233 | Slime:5  | Killed an azure jelly
 22245 | Slime:5  | Found the +8 lance "Wyrmbane" {slay drac, rPois rF+ rC+
                  | AC+3}
 22540 | Slime:5  | Killed a rockslime
 22706 | Slime:5  | Noticed an acid blob
 22710 | Slime:5  | Killed an acid blob
 22711 | Slime:5  | Reached skill level 5 in Dodging
 22711 | Slime:5  | Reached XP level 16. HP: 72/101 MP: 5/30
 22904 | Slime:5  | Killed an acid blob
 23333 | Slime:5  | Noticed an acid blob
 23335 | Slime:5  | Noticed an acid blob
 23547 | Slime:5  | Killed an azure jelly
 23559 | Slime:5  | Noticed an acid blob
 23559 | Slime:5  | Noticed a rockslime
 23559 | Slime:5  | Noticed an acid blob
 23562 | Slime:5  | Noticed an acid blob
 23563 | Slime:5  | Noticed an azure jelly
 23565 | Slime:5  | Noticed a rockslime
 23569 | Slime:5  | Noticed an azure jelly
 23569 | Slime:5  | Noticed a rockslime
 23572 | Slime:5  | Noticed an acid blob
 23572 | Slime:5  | Noticed an acid blob
 23573 | Slime:5  | Noticed an azure jelly
 23573 | Slime:5  | Killed an acid blob
 23575 | Slime:5  | Noticed an acid blob
 23578 | Slime:5  | Killed a rockslime
 23581 | Slime:5  | Noticed a rockslime
 23582 | Slime:5  | Noticed an acid blob
 23583 | Slime:5  | Killed a rockslime
 23584 | Slime:5  | Noticed a rockslime
 23584 | Slime:5  | Noticed an azure jelly
 23585 | Slime:5  | Killed an azure jelly
 23587 | Slime:5  | Killed an azure jelly
 23589 | Slime:5  | Noticed a rockslime
 23589 | Slime:5  | Killed an acid blob
 23589 | Slime:5  | Noticed an acid blob
 23590 | Slime:5  | Noticed an azure jelly
 23594 | Slime:5  | HP: 1/103 [quicksilver ooze[the Royal Jelly] (10)]
 23594 | Slime:5  | Demolished by a quicksilver ooze

Illustrated notes

Levels and vault maps discovered:
D:1:      dpeg_arrival_radiant, layout_basic, minmay_bisected
D:2:      layout_basic, basic_altar, dk_noncrumbling_3, uniq_jessica
D:3:      layout_basic, lemuel_zombie_altar_kikubaaqudgha, lemuel_tele_altar,
          serial_shops, nicolae_square_shop
D:4:      minmay_razor_zed, layout_layer_cave,
          gammafunk_temple_overflow_forgotten,
          minmay_temple_entry_enclosed_plants
D:5:      layout_cave_pools, kennysheep_mini, uniq_blork_the_orc, uniq_edmund
D:6:      layout_basic, regret_index_temple_of_mockery, ebering_ghost_sewer_d,
          minmay_splitting_lines, uniq_crazy_yiuf_cottage, uniq_pikel,
          uniq_grinder
D:7:      layout_rooms, serial_rivers, chequers_serial_rivers_marsh,
          chequers_serial_rivers_room_b, chequers_serial_rivers_small_b,
          chequers_serial_rivers_micro_d, chequers_serial_rivers_micro_d
D:8:      layout_layer_cave, minivault_23, uniq_maggie, uniq_maurice
D:9:      layout_cross, jmf_multi_god_temple, lair_entry_dummy, uniq_erica
D:10:     layout_basic, mainiacjoe_overflow_catwalk, erik_orc_4, enter_bailey_5,
          uniq_gastronok
Lair:1:   layout_long_grid, serial_bayou_shore_a, grunt_megastairs_3
Lair:2:   layout_long_grid, guppyfry_snake_entry_island,
          nicolae_volcano_entry_two_sided
Lair:3:   layout_roguey, elwin_shoals_entry_stream
Lair:4:   layout_loops_ring, minmay_slime_entry_oklob_enclosed
Lair:5:   minmay_lair_end_enchanted_forest, layout_small_grid
Slime:1:  layout_caves
Slime:2:  layout_caves
Slime:3:  layout_caves
Slime:4:  layout_caves
Slime:5:  slime_pit_nicolae_trefoil
Orc:1:    layout_caves
Orc:2:    st_orc_congregation, layout_caves, special_room, uniq_snorg

Skill      XL: |  1  2  3  4  5  6  7  8  9 10 11 12 13 14 15 16 |
---------------+-------------------------------------------------+-----
Spellcasting   | 3 4 5 6 7 9 10 12 13 | 13.6
Earth Magic    | 4 5 6 7 8 |  8.0
Conjurations   | 1 2 3 4 |  4.0
Ice Magic      | 3 5 7 10 | 10.0
Summonings     | 3 5 8 10 | 10.0
Necromancy     | 5 10 12 14 15 | 15.4
Stealth        | 8 |  8.0
Fighting       | 5 6 7 |  7.0
Dodging        | 4 5 |  5.1
Transmutations | |  1.0

Action                     |  1- 3 |  4- 6 |  7- 9 | 10-12 | 13-15 | 16-18 || total
---------------------------+-------+-------+-------+-------+-------+-------++-------
  Melee: Unarmed           |     7 |     6 |    11 |       |       |       ||    24
         Constrict         |     3 |     1 |     7 |    10 |     6 |       ||    27
         Punch             |     1 |       |       |       |     1 |       ||     2
         Tentacles         |       |     2 |     6 |     8 |     8 |       ||    24
         Rapier            |       |     1 |    18 |       |     3 |       ||    22
         Whip              |       |       |    22 |     3 |       |       ||    25
         Staff             |       |       |       |    19 |    27 |     1 ||    47
  Throw: Dart              |       |     5 |    13 |    22 |    13 |       ||    53
         Throwing net      |       |       |       |       |     1 |       ||     1
   Cast: Sandblast         |    41 |    55 |    97 |   119 |    19 |       ||   331
         Passwall          |       |     2 |       |     2 |     1 |       ||     5
         Stone Arrow       |       |     8 |    59 |    94 |    23 |     9 ||   193
         Summon Ice Beast  |       |       |       |    36 |    29 |     1 ||    66
         Borgnjor's Vile C |       |       |       |    53 |    51 |       ||   104
         Death Channel     |       |       |       |     8 |    20 |     2 ||    30
         Simulacrum        |       |       |       |     9 |    59 |     6 ||    74
         Haunt             |       |       |       |       |    23 |    13 ||    36
 Invoke: Unearth Wretches  |       |       |       |       |    17 |     8 ||    25
         Receive Forbidden |       |       |       |       |     1 |       ||     1
  Evoke: Wand              |       |       |     3 |    24 |    14 |       ||    41
         Phantom mirror    |       |       |       |       |     1 |     1 ||     2
    Use: Potion            |     1 |     2 |     5 |     3 |    11 |     6 ||    28
         Scroll            |       |     9 |     8 |    15 |    10 |     3 ||    45
   Stab: Sleeping          |       |     1 |       |       |       |       ||     1
         Paralysed         |       |       |       |       |     2 |     1 ||     3
         Invisible         |       |       |       |       |     1 |       ||     1
 Armour: Skin              |     6 |    37 |    73 |    40 |    86 |    23 ||   265
  Dodge: Dodged            |    12 |    69 |    73 |    71 |   109 |    17 ||   351
  Block: Other             |       |     9 |    23 |    15 |    24 |     1 ||    72
         Reflection        |       |       |     2 |     5 |     3 |       ||    10

Table legend: (Time is in decaauts)
 A = Elapsed time spent in this place.
 B = Non-inter-level travel time spent in this place.
 C = Inter-level travel time spent in this place.
 D = Time resting spent in this place.
 E = Time spent auto-exploring this place.
 F = Levels seen in this place.
 G = Mean time per level.
                   A        B        C        D        E       F      G
               +--------+--------+--------+--------+--------+-----+--------+
         Total |  23755 |  22462 |   1293 |   4012 |  11676 |  23 | 1032.8 |
       Dungeon |  11616 |  11027 |    589 |    777 |   7601 |  10 | 1161.6 |
          Lair |   6300 |   5909 |    391 |    735 |   2887 |   5 | 1260.0 |
    Slime Pits |   2640 |   2602 |     38 |   1618 |     99 |   5 |  528.0 |
  Orcish Mines |   2525 |   2250 |    275 |    715 |    923 |   2 | 1262.5 |
        Bailey |    672 |    672 |      0 |    167 |    166 |   1 |  672.0 |
               +--------+--------+--------+--------+--------+-----+--------+

Top non-repeatable levels by time:
     D:4: 2095 daAuts
   Orc:1: 1756 daAuts
 Slime:5: 1678 daAuts
  Lair:5: 1640 daAuts
     D:9: 1511 daAuts
    D:10: 1412 daAuts
  Lair:3: 1389 daAuts
     D:6: 1226 daAuts
  Lair:1: 1173 daAuts
     D:7: 1152 daAuts
  Lair:2: 1081 daAuts
  Lair:4: 1015 daAuts
     D:3: 954 daAuts
     D:8: 912 daAuts
     D:5: 846 daAuts
